 Dungeon Crawl Stone Soup version 0.18-a0-917-g8a3da5b (webtiles) character file.

88 sugabear the Ducker (level 4, -3/23 HPs)
             Began as a Vine Stalker Gladiator on Dec 26, 2015.
             Slain by a worker ant (5 damage)
             ... on level 4 of the Dungeon.
             The game lasted 00:02:16 (1790 turns).

sugabear the Ducker (Vine Stalker Gladiator)        Turns: 1790, Time: 00:02:17

Health: -3/23      AC:  4    Str: 17    XL:     4   Next: 53%
Magic:  0/5        EV: 13    Int:  8    God:
Gold:   122        SH:  0    Dex: 16    Spells: 0 memorised, 3 levels left

rFire  . . .     SeeInvis .     a - +0 flail
rCold  . . .     Gourm    .     b - +0 leather armour
rNeg   . . .     Faith    .     (no shield)
rPois  .         Spirit   +     c - +0 helmet
rElec  .         Dismiss  .     (no cloak)
rCorr  .         Reflect  .     (no gloves)
SustAt .         Harm     .     (no boots)
MR     .....                    (no amulet)
Stlth  ++........               (no ring)
                                (no ring)

@: lethally poisoned (-3 -> -4), not resistant to hostile enchantments,
unstealthy
A: fangs 2, regeneration 1, magic shield, antimagic bite, no device heal 3, rot
immunity
a: no special abilities


You were on level 4 of the Dungeon.
You were not hungry.

You visited 1 branch of the dungeon, and saw 4 of its levels.

You collected 122 gold pieces.

Inventory:

Hand Weapons
 a - a +0 flail (weapon)
 p - a cursed -3 hand axe
Missiles
 d - 2 throwing nets (quivered)
 t - 6 tomahawks of returning
Armour
 b - a +0 leather armour (worn)
 c - a +0 helmet (worn)
Jewellery
 l - a +4 ring of intelligence {unknown}
Scrolls
 g - a scroll of remove curse {unknown}
 h - a scroll of teleportation {unknown}
 i - 4 scrolls of identify {unknown}
 m - a scroll of blinking {unknown}
 o - a scroll of enchant weapon {unknown}
 q - 2 scrolls of magic mapping {unknown}
Potions
 e - 2 potions of haste {unknown}
 j - a potion of cure mutation {unknown}
 r - a potion of might {unknown}
 s - 2 potions of curing {unknown}
 u - a potion of brilliance {unknown}
Comestibles
 f - a bread ration
 k - 2 meat rations
 n - 9 fruits
 v - a chunk of flesh


   Skills:
 + Level 2.1 Fighting
 + Level 3.1 Maces & Flails
 + Level 1.9 Throwing
 + Level 0.8 Armour
 + Level 3.3 Dodging
 + Level 1.0 Stealth


You had 3 spell levels left.
You didn't know any spells.

Dungeon Overview and Level Annotations

Branches:
Dungeon (4/15)
 Temple: D:4-7

Altars:
Fedhas
Pakellas
Ru


Innate Abilities, Weirdness & Mutations

You have extremely sharp teeth.
Your natural rate of healing is unusually fast.
When hurt, damage is shared between your health and your magic reserves.
Your bite disrupts and absorbs the magic of your enemies.
Potions and wands cannot restore your health.
You are immune to rotting.


Message History

You barely miss the worker ant.
You feel sick. The worker ant closely misses you.
The giant gecko closely misses you.
The worker ant bites you but does no damage.
The giant gecko closely misses you.
You barely miss the worker ant.
You feel sick. The worker ant misses you. The giant gecko closely misses you.
You completely miss the worker ant. You bite the worker ant.
You drain its power.
You feel invigorated.
The worker ant is lightly wounded.
You feel sick. The worker ant closely misses you. The giant gecko bites you.
The worker ant bites you!
* * * LOW HITPOINT WARNING * * *
The giant gecko misses you.
Throwing (i - inventory. (,) - cycle):
d - 3 throwing nets (quivered)
Press: ? - help, Shift-Dir - straight line, f - worker ant
Aim: a worker ant (lightly wounded)
You throw a throwing net.
The throwing net barely misses the worker ant.
The worker ant bites you.
You die...

....## .....#
..... ....##.
#.###+##..#....
..........#
#."...# #.<@a(#
#..l..# #.....#
#.....# #.#####
#. #. #.


You could see a worker ant and a giant gecko.

Vanquished Creatures
  4 adders (D:2)
  2 oozes
  A worm (D:2)
  A giant gecko (D:2)
  A ball python (D:3)
  3 bats (D:1)
  A giant cockroach (D:1)
  5 hobgoblins
  3 jackals (D:2)
  7 kobolds
  A quokka (D:3)
  3 giant newts
  4 goblins
  6 rats
42 creatures vanquished.

Notes
Turn   | Place    | Note
--------------------------------------------------------------
     0 | D:1      | sugabear the Vine Stalker Gladiator began the quest for the Orb.
     0 | D:1      | Reached XP level 1. HP: 11/11 MP: 2/2
     0 | D:1      | Noticed a centaur
     2 | D:1      | Noticed an elf
     4 | D:1      | Noticed an ogre
     4 | D:1      | Noticed an ogre
     7 | D:1      | Noticed a naga
     8 | D:1      | Noticed a felid
    11 | D:1      | Noticed an ogre
    14 | D:1      | Noticed an octopode
    14 | D:1      | Noticed a formicid
    16 | D:1      | Noticed a gargoyle
    16 | D:1      | Noticed a gargoyle
    16 | D:1      | Noticed a troll
    18 | D:1      | Noticed a troll
    20 | D:1      | Noticed a human
    20 | D:1      | Noticed a felid
   268 | D:1      | Reached XP level 2. HP: 15/15 MP: 3/3
   385 | D:2      | Found a blossoming altar of Fedhas.
   390 | D:2      | Reached skill level 3 in Maces & Flails
   534 | D:2      | Reached XP level 3. HP: 15/18 MP: 4/4
   630 | D:2      | Found a sacrificial altar of Ru.
   700 | D:2      | Found an oddly glowing altar of Pakellas.
   750 | D:2      | Reached XP level 4. HP: 8/23 MP: 5/5
  1784 | D:4      | Reached skill level 1 in Stealth
  1790 | D:4      | Slain by a worker ant

Vault maps used:
D:1:      shiori_arrival_whats_in_store_for_you
D:2:      fedhas_altar_fruit_tree, nicolae_ru_sacrificial_ziggurat,
          lemuel_crystal_altar, st_stairs_13
D:4:      lemuel_crystal_altar, portal_sewer_entry_c, first_bread

Action                   |  1- 3 |  4- 6 || total
-------------------------+-------+-------++-------
Melee: Flail             |    45 |    55 ||   100
Throw: Throwing net      |       |     1 ||     1
 Stab: Sleeping          |       |     4 ||     4
  Eat: Chunk             |       |     3 ||     3
